 Dungeon Crawl Stone Soup version 0.25-a0-341-g6f074c887a (webtiles) character file.

Game seed: 11767624319834710882, levelgen mode: classic

7315 Borgoz the Carver (level 11, -1/71 HPs)
             Began as a Gargoyle Gladiator on Dec 30, 2019.
             Was a Follower of Ashenzari.
             Slain by a brown ugly thing (6 damage)
             ... on level 11 of the Dungeon.
             The game lasted 00:14:16 (9710 turns).

Borgoz the Carver (Gargoyle Gladiator)              Turns: 9710, Time: 00:14:17

Health: -1/71      AC: 14    Str: 24    XL:     11   Next: 13%
Magic:  0/11       EV: 14    Int: 11    God:    Ashenzari [*.....]
Gold:   126        SH:  0    Dex: 13    Spells: 10/10 levels left

rFire    . . .     SeeInvis .   b - +6 quarterstaff "Ysistrur" {holy, Int+3}
rCold    + + .     Gourm    .   (shield currently unavailable)
rNeg     + . .     Faith    .   J - +4 ring mail of the Moon {*Slow rPois rC++ Stlth+}
rPois    ∞         Spirit   +   c - +0 helmet
rElec    +         Reflect  .   y - +0 cloak
rCorr    .         Harm     .   C - +2 pair of gloves
MR       .....                  L - +0 pair of boots
Stlth    ++........             q - amulet of guardian spirit
HPRegen  0.21/turn              M - +4 ring of strength
MPRegen  0.12/turn              H - +2 ring of evasion

@: corroded
A: negative energy resistance 1, electricity resistance, unbreathing,
petrification resistance, rot immunity, AC +8
a: Curse Item, Scrying, Renounce Religion


You were on level 11 of the Dungeon.
You worshipped Ashenzari.
Ashenzari was aware of your devotion.
You were hungry.

You visited 2 branches of the dungeon, and saw 12 of its levels.

You collected 461 gold pieces.
You spent 335 gold pieces at shops.

Inventory:

Hand Weapons
 a - a +0 scimitar
 b - the +6 quarterstaff "Ysistrur" (weapon) {holy, Int+3}
   (You found it on level 4 of the Dungeon)

   It has been blessed by the Shining One to cause great damage to the undead
   and demons.
   It affects your intelligence (+3).
 F - a +0 scimitar
 I - a +4 falchion
Armour
 c - a +0 helmet (worn)
 t - a +0 buckler
 v - the +3 leather armour of Qeavi {Stlth+}
   (You found it on level 4 of the Dungeon)

   It makes you more stealthy.
 y - a +0 cloak (worn)
 C - a +2 pair of gloves (worn)
 J - the +4 ring mail of the Moon (worn) {*Slow rPois rC++ Stlth+}
   (You bought it in a shop on level 7 of the Dungeon)

   It greatly protects you from cold.
   It protects you from poison.
   It may slow you when you take damage.
   It makes you more stealthy.
 L - a +0 pair of boots (worn)
Jewellery
 m - an uncursed ring of protection from magic
 q - an amulet of guardian spirit (around neck)
 H - a +2 ring of evasion (right hand)
 M - a +4 ring of strength (left hand)
Wands
 i - a wand of paralysis (4)
 p - a wand of random effects (45)
 r - a wand of enslavement (17)
 x - a wand of digging (4)
 z - a wand of scattershot (3)
 B - a wand of clouds (5)
 D - a wand of disintegration (23)
Scrolls
 g - 2 scrolls of amnesia {unknown}
 j - 4 scrolls of remove curse
 k - 9 scrolls of teleportation
 n - 2 scrolls of magic mapping
 o - 4 scrolls of fog
 s - a scroll of noise {unknown}
 u - a scroll of enchant weapon {unknown}
 E - 2 scrolls of immolation {unknown}
 G - 3 scrolls of blinking {unknown}
 P - a scroll of fear {unknown}
 Q - 2 scrolls of enchant armour {unknown}
Potions
 e - 2 potions of haste
 h - 4 potions of curing
 l - a potion of flight
 w - a potion of mutation
 A - 2 potions of brilliance
 K - a potion of degeneration {unknown}
 N - a potion of resistance {unknown}
 O - a potion of lignification {unknown}
 S - a potion of heal wounds
Comestibles
 f - 17 rations
 R - a chunk of flesh


   Skills:
 + Level 9.5 Fighting
 * Level 11.2 Long Blades
 - Level 1.7 Throwing
 + Level 9.1 Armour
 - Level 2.4 Dodging


You had 10 spell levels left.
You didn't know any spells.
Your spell library contained the following spells:

 Spells                   Type           Power        Failure   Level  Hunger
 Animate Skeleton         Necr           N/A          45%         1    ##.....
 Apportation              Tloc           #.....       45%         1    ##.....
 Magic Dart               Conj           #...         45%         1    ##.....
 Summon Butterflies       Summ           #.......     45%         1    ##.....
 Lesser Beckoning         Tloc           #.........   83%         3    ####...
 Stone Arrow              Conj/Erth      #.....       83%         3    ####...
 Tukima's Dance           Hex            #.......     83%         3    ####...
 Animate Dead             Necr           N/A          99%         4    #####..
 Alistair's Intoxication  Tmut/Pois      #.......     100%        5    ######.
 Borgnjor's Vile Clutch   Necr/Erth      #.........   100%        5    ######.
 Invisibility             Hex            #.......     100%        6    #######
 Iron Shot                Conj/Erth      #.........   100%        6    #######


Dungeon Overview and Level Annotations

Branches:
Dungeon (11/15)            Temple (1/1) D:7
   Lair: D:8-11         Orc: D:9-12

Altars:
Ashenzari
Cheibriados
Dithmenos
Elyvilon
Fedhas
Gozag
Hepliaklqana
Kikubaaqudgha
Makhleb
Nemelex Xobeh
Okawaru
Qazlal
Ru
Sif Muna
Trog
Uskayaw
Vehumet
Wu Jian
Xom
Yredelemnul
Zin
The Shining One

Shops:
D:7 ![?!   D:10 [

Annotations:
D:9 3 runed translucent doors, LostGamesStreakFreak's ghost, novice MiFi


Innate Abilities, Weirdness & Mutations

You are resistant to torment.
Your stone body is resilient. (AC +8)
You are immune to poison.
You resist negative energy. (rN+)
You are resistant to electric shocks. (rElec)
You can survive without breathing.
You are immune to petrification.
You are immune to rotting.


Message History

The brown ugly thing misses you.
Unknown command.
Unknown command.
Evoke which item? (* to show all) (? for menu, Esc to quit)
Aiming: Paralyse
Press: ? - help, Shift-Dir - straight line, f/p - brown ugly thing
Aim: a brown ugly thing (almost dead, chance to defeat MR: 28%)
The brown ugly thing easily resists.
The brown ugly thing kicks you.
* * * LOW HITPOINT WARNING * * *
You are splashed with acid!
* * * LOW HITPOINT WARNING * * *
Unknown command.
Evoke which item? (* to show all) (? for menu, Esc to quit)
Aiming: Scattershot
Press: ? - help, Shift-Dir - straight line, f/p - brown ugly thing
Aim: a brown ugly thing (almost dead)
The burst of metal fragments hits the brown ugly thing. x4
The brown ugly thing is almost dead.
The brown ugly thing kicks you!
You die...

.........# # #. .#
.........#
#.#.##.#
.........#
#....?.#
.........#
#.##.#.#
.........#
#.##.#.#
.....#####
#......# ...###
#.#.##.# ####
#.#u##.# #
#..@...# ###
###.#### ..###
######.# ....#
#......#
#.#.#######.######
#...........#
###.#########
....# #####


You could see a brown ugly thing.

Vanquished Creatures
  A two-headed ogre (D:10)
  Psyche (D:9)
  A centaur skeleton (D:10)
  2 tengu conjurers (D:10)
  A troll (D:11)
  2 hornets (D:9)
  A hippogriff (D:7)
  Sigmund (D:4)
  A wraith (D:10)
  A hungry ghost (D:10)
  2 soldier ants
  A water moccasin (D:9)
  5 ice beasts
  2 sky beasts
  2 orc warriors
  2 phantoms
  8 ogres
  4 centaurs
  2 bullfrogs
  A wyvern zombie (D:6)
  3 scorpions
  A wyvern skeleton (D:7)
  A water moccasin skeleton (D:10)
  5 wights (D:6)
  A howler monkey (D:9)
  5 crimson imps
  2 quasits
  A bullfrog zombie (D:6)
  8 hounds
  4 orc priests
  2 jellies
  Jessica (D:8)
  2 iguanas (D:9)
  4 orc wizards
  9 worker ants
  A hound skeleton (D:5)
  A worker ant zombie (D:7)
  7 gnolls
  10 adders
  A shadow imp (D:10)
  2 oozes
  2 adder zombies
  3 adder skeletons
  4 worms
  A dart slug (D:2)
  3 leopard geckos
  19 orcs
  4 ball pythons
  4 giant cockroaches
  8 goblins
  6 hobgoblins
  7 jackals (D:2)
  9 kobolds
  8 quokkas
  5 bats
  5 frilled lizards
  A jackal zombie (D:6)
  7 rats
208 creatures vanquished.

Notes
Turn   | Place    | Note
-------+----------+-------------------------------------------
     0 | D:1      | Borgoz the Gargoyle Gladiator began the quest for the Orb.
     0 | D:1      | Reached XP level 1. HP: 12/12 MP: 1/1
   232 | D:1      | Reached XP level 2. HP: 9/18 MP: 2/2
   233 | D:1      | Reached skill level 3 in Long Blades
   793 | D:1      | Reached skill level 1 in Armour
  1260 | D:2      | Reached XP level 3. HP: 19/22 MP: 3/3
  1740 | D:2      | Reached XP level 4. HP: 26/27 MP: 4/4
  2072 | D:3      | Found a sacrificial altar of Ru.
  2391 | D:3      | Reached skill level 4 in Long Blades
  2571 | D:3      | Reached XP level 5. HP: 32/32 MP: 5/5
  2880 | D:4      | Noticed an ogre
  2886 | D:4      | Killed an ogre
  3058 | D:4      | Reached XP level 6. HP: 38/38 MP: 6/6
  3065 | D:4      | Got a warped leather armour
  3197 | D:4      | Got a dazzling quarterstaff
  3198 | D:4      | Identified the +6 quarterstaff "Ysistrur" {holy, Int+3}
                  | (You found it on level 4 of the Dungeon)
  3245 | D:4      | Found a snail-covered altar of Cheibriados.
  3317 | D:4      | Noticed Sigmund
  3330 | D:4      | Killed Sigmund
  3330 | D:4      | Reached skill level 5 in Long Blades
  3330 | D:4      | Reached XP level 7. HP: 38/44 MP: 5/7
  3397 | D:4      | Found a sparkling altar of Nemelex Xobeh.
  3733 | D:5      | Entered Level 5 of the Dungeon
  4171 | D:5      | Reached skill level 5 in Fighting
  4171 | D:5      | Reached skill level 6 in Long Blades
  4469 | D:5      | Reached XP level 8. HP: 35/49 MP: 5/8
  4867 | D:6      | Reached skill level 5 in Armour
  5177 | D:6      | Found an ornate altar of the Wu Jian Council.
  5183 | D:6      | Found a shimmering altar of Xom.
  5187 | D:6      | Found an ancient bone altar of Kikubaaqudgha.
  5241 | D:6      | Reached skill level 7 in Long Blades
  5808 | D:6      | Reached XP level 9. HP: 35/56 MP: 7/9
  5940 | D:6      | Identified the +3 leather armour of Qeavi {Stlth+} (You
                  | found it on level 4 of the Dungeon)
  6011 | D:7      | Found Olyux's Distillery.
  6026 | D:7      | Reached skill level 8 in Long Blades
  6247 | D:7      | Found Angehirhi's Antique Armour Shoppe.
  6250 | D:7      | Bought a faintly humming ring mail for 225 gold pieces
  6260 | D:7      | Identified the +4 ring mail of the Moon {*Slow rPois rC++
                  | Stlth+} (You bought it in a shop on level 7 of the Dungeon)
  6321 | D:7      | Bought a potion of haste for 110 gold pieces
  6396 | D:7      | Found Umey's Magic Scroll Emporium.
  6408 | D:7      | Found a staircase to the Ecumenical Temple.
  6461 | D:7      | Found Najoab's Distillery.
  6854 | Temple   | Entered the Ecumenical Temple
  6875 | Temple   | Became a worshipper of Ashenzari the Shackled
  7067 | D:8      | Reached skill level 9 in Long Blades
  7494 | D:8      | Noticed Jessica
  7495 | D:8      | Killed Jessica
  7509 | D:8      | Found a shimmering blue altar of Sif Muna.
  7748 | D:9      | Reached XP level 10. HP: 58/64 MP: 8/10
  8251 | D:9      | Reached * piety under Ashenzari
  8264 | D:9      | Found a white marble altar of Elyvilon.
  8310 | D:9      | Found a runed translucent gate.
  8310 | D:9      | Found a runed translucent gate.
  8311 | D:9      | Found a runed translucent gate.
  8312 | D:9      | Noticed LostGamesStreakFreak's ghost (novice MiFi)
  8454 | D:9      | Identified the Papyrus of the Barnacle
  8479 | D:9      | Noticed Psyche
  8613 | D:9      | Reached skill level 10 in Long Blades
  8648 | D:9      | Killed Psyche
  8878 | D:10     | Entered Level 10 of the Dungeon
  9086 | D:10     | Found Ruweh's Armour Shoppe.
  9333 | D:10     | Noticed a two-headed ogre
  9345 | D:10     | Killed a two-headed ogre
  9345 | D:10     | Reached skill level 11 in Long Blades
  9345 | D:10     | Reached XP level 11. HP: 38/71 MP: 5/11
  9672 | D:11     | Noticed a brown ugly thing
  9710 | D:11     | Slain by a brown ugly thing

Levels and vault maps discovered:
D:1:      sevenhm_arrival_forest_fort_large_4, layout_basic,
          minmay_misc_feat_encased
D:2:      layout_loops_cross, minivault_14
D:3:      layout_basic, old_standard_altar
D:4:      layout_basic, cheibriados_altar_1, nemelex_altar_shiori, uniq_sigmund
D:5:      layout_rooms, first_ration, corexii_checkpoint_a,
          minmay_misc_feat_enclosed
D:6:      layout_basic, minitemple
D:7:      layout_cave_pods, minmay_temple_entry_stoned_glass, serial_shops,
          shop_fountains, kennysheep_mini_moat, nicolae_shop_trees, shop
D:8:      layout_basic, tgw_sif
D:9:      layout_basic, lemuel_doored_altar, gammafunk_ghost_necromancy,
          hangedman_pestilent_swarm, grunt_decor_mini_mirrors,
          hangedman_decor_riveting, uniq_psyche
D:10:     layout_roguey, serial_shops, kennysheep_mini
D:11:     layout_loops_cross, grunt_lair_entry_orc_guard_hut, orc_0_dummy,
          serial_shops, nicolae_shop_crystal
Temple:   eino_wide_crystal_templ

Skill      XL: |  1  2  3  4  5  6  7  8  9 10 |
---------------+-------------------------------+-----
Long Blades    | 3 4 5 6 7 9 11 | 11.2
Armour         | 1 2 3 4 5 7 9 |  9.1
Fighting       | 3 4 5 6 7 9 |  9.5
Throwing       | |  1.7
Dodging        | |  2.4

Action                   |  1- 3 |  4- 6 |  7- 9 | 10-12 || total
-------------------------+-------+-------+-------+-------++-------
Melee: Long sword        |   106 |   118 |   223 |       ||   447
       Quarterstaff      |       |       |   201 |   249 ||   450
Throw: Throwing net      |       |     6 |     2 |     1 ||     9
Evoke: Wand              |       |       |     1 |     7 ||     8
  Use: Potion            |       |       |     6 |     1 ||     7
       Scroll            |       |       |     9 |     1 ||    10
 Stab: Held in net/web   |       |     2 |       |       ||     2
       Sleeping          |       |       |     3 |     3 ||     6
       Paralysed         |       |       |       |    13 ||    13
       Distracted        |       |       |       |     1 ||     1
  Eat: Chunk             |     3 |     5 |    11 |     8 ||    27
       Ration            |       |       |     1 |       ||     1
Armor: Leather armour    |    14 |       |       |       ||    14
       Ring mail         |     9 |       |    55 |   148 ||   212
       Chain mail        |    66 |    69 |   253 |       ||   388
       Plate armour      |       |       |    52 |       ||    52
Dodge: Dodged            |    60 |    45 |   269 |   233 ||   607
       Rpst.: Long sword |    20 |    15 |    36 |       ||    71

Table legend:
 A = Non-vault XP
 B = Vault XP
 C = Vault XP percentage of total XP
 D = Non-vault monster count
 E = Vault monster count
 F = Vault count percentage of total count
                 A         B        C        D         E       F
            +---------+---------+-------+---------+---------+-------
      Total |    8999 |    1451 |  13.9 |     199 |       9 |   4.3
            +---------+---------+-------+---------+---------+-------
        D:1 |      25 |       0 |   0.0 |      17 |       0 |   0.0
        D:2 |      63 |       0 |   0.0 |      23 |       0 |   0.0
        D:3 |      77 |       0 |   0.0 |      22 |       0 |   0.0
        D:4 |     306 |     242 |  44.2 |       8 |       1 |  11.1
        D:5 |     522 |       2 |   0.4 |      11 |       2 |  15.4
        D:6 |    1062 |       0 |   0.0 |      28 |       0 |   0.0
        D:7 |    1565 |       0 |   0.0 |      34 |       0 |   0.0
        D:8 |     744 |      37 |   4.7 |      10 |       1 |   9.1
        D:9 |     801 |    1170 |  59.4 |      20 |       5 |  20.0
       D:10 |    3482 |       0 |   0.0 |      24 |       0 |   0.0
       D:11 |     352 |       0 |   0.0 |       2 |       0 |   0.0
            +---------+---------+-------+---------+---------+-------
